 Dungeon Crawl Stone Soup version 0.28.0-53-g5a82cb258f (webtiles) character file.

Game seed: 12753101113474242496

437 ILmort the Shield-Bearer (level 7, -5/88 HPs)
             Began as a Gnoll Fighter on Aug 16, 2022.
             Was an Initiate of Okawaru.
             Killed from afar by Dowan (13 damage)
             ... with a shard of ice
             ... on level 4 of the Dungeon.
             The game lasted 00:08:02 (3101 turns).

ILmort the Shield-Bearer (Gnoll Fighter)            Turns: 3101, Time: 00:08:03

Health: -5/88      AC: 23    Str: 18    XL:     7   Next: 1%
Magic:  10/10      EV:  2    Int:  7    God:    Okawaru [......]
Gold:   145        SH:  5    Dex: 11    Spells: 10/10 levels left

rFire   . . .      SeeInvis .   a - +0 war axe
rCold   . . .      Faith    .   c - +0 buckler
rNeg    . . .      Spirit   .   (armour currently unavailable)
rPois   +          Reflect  .   (helmet currently unavailable)
rElec   .          Harm     .   (cloak currently unavailable)
rCorr   .          Rampage  .   (gloves currently unavailable)
Will    .....      NoTele   +   (boots currently unavailable)
Stlth   ++........              (no amulet)
HPRegen 0.24/turn               (no ring)
MPRegen 0.12/turn               (no ring)

@: tree-form
A: stationary, stasis, torment immunity, boosted hp, (fangs 1), strong nose,
distributed training
a: Renounce Religion


You were on level 4 of the Dungeon.
You worshipped Okawaru.
Okawaru was noncommittal.
You were a tree.
You visited 1 branch of the dungeon, and saw 4 of its levels.

You collected 145 gold pieces.

Inventory:

Hand Weapons
 a - a +0 war axe (weapon)
Armour
 b - a +0 scale mail (melded)
 c - a +0 buckler (worn)
 k - a +0 helmet (melded)
Jewellery
 i - a ring of flight
Scrolls
 h - a scroll of enchant weapon
Potions
 d - 2 potions of might
 f - a potion of invisibility


   Skills:
 + Level 6.9 Fighting
 + Level 2.2 Short Blades
 + Level 2.2 Long Blades
 + Level 5.1 Axes
 + Level 2.2 Maces & Flails
 + Level 2.2 Polearms
 + Level 2.2 Staves
 + Level 2.2 Slings
 + Level 2.2 Bows
 + Level 2.2 Crossbows
 + Level 2.2 Throwing
 + Level 6.9 Armour
 + Level 2.2 Dodging
 + Level 2.2 Stealth
 + Level 6.9 Shields
 + Level 2.2 Unarmed Combat
 + Level 2.2 Spellcasting
 + Level 1.7 Conjurations
 + Level 1.7 Hexes
 + Level 1.7 Summonings
 + Level 1.7 Necromancy
 + Level 1.7 Translocations
 + Level 1.7 Transmutations
 + Level 1.7 Fire Magic
 + Level 1.7 Ice Magic
 + Level 1.7 Air Magic
 + Level 1.7 Earth Magic
 + Level 1.7 Poison Magic
 + Level 2.4 Invocations
 + Level 2.2 Evocations


You had 10 spell levels left.
You didn't know any spells.
Your spell library was empty.

Dungeon Overview and Level Annotations

Branches:
Dungeon (4/15)
 Temple: D:4-7

Altars:
Okawaru
Xom

Shops:
D:4 *

Annotations:
D:4 Dowan


Innate Abilities, Weirdness & Mutations

You are a tree.
Your roots penetrate the ground, keeping you stationary.
You cannot be teleported.
You are immune to unholy pain and torment.
Your maximum health is greatly increased.
Your equipment is partially melded.
((You have very sharp teeth.))
Your uncanny sense of smell can sniff out nearby items.
Your experience applies equally to all skills.


Message History

You hit Dowan. You hit Duvessa. Duvessa hits you with a +0 short sword.
Dowan hits you but does no damage. Duvessa hits you but does no damage.
Dowan gestures wildly while chanting.
Dowan blinks!
You slash Duvessa! Duvessa hits you with a +0 short sword!
Duvessa hits you with a +0 short sword.
You closely miss Duvessa. Duvessa closely misses you.
You block Duvessa's attack.
You slash Duvessa! You block Duvessa's attack.
Duvessa hits you with a +0 short sword.
You barely miss Duvessa. Duvessa hits you but does no damage.
You barely miss Duvessa. You hit Dowan.
Duvessa hits you with a +0 short sword. x2
Dowan hits you but does no damage.
You barely miss Duvessa. You barely miss Dowan.
Duvessa hits you with a +0 short sword!
* * * LOW HITPOINT WARNING * * *
Dowan hits you with a +0 dagger.
* * * LOW HITPOINT WARNING * * *
You block Duvessa's attack. Dowan hits you with a +0 dagger.
* * * LOW HITPOINT WARNING * * *
Duvessa hits you but does no damage.
Okay, then.
Really quaff the potion of lignification?
You turn into a tree.
Your +0 helmet melds into your body.
Your +0 scale mail melds into your body.
Your roots penetrate the ground.
You block Duvessa's attack.
Dowan casts a spell.
Dowan blinks!
You slash Duvessa! Duvessa hits you with a +0 short sword.
* * * LOW HITPOINT WARNING * * *
Duvessa hits you with a +0 short sword.
* * * LOW HITPOINT WARNING * * *
You slash Duvessa!
You kill Duvessa!
Okawaru accepts your kill.
Dowan's eyes darken. "You have made a black mistake."
Dowan seems to find hidden reserves of power!
Dowan points at you and mumbles some strange words.
The shard of ice hits you!
You die...

..##.<.....## ####
...>........# #...##
............# ......
............. #......
.............####.:.....
.....#####.##≈..#.......
#...##...###≈.≈.........
#)..#≈≈...##≈.##.)...<..
#...#†≈#≈†≈#≈.#.♣.......
###≈≈#≈≈≈#≈.#.§....... #
#≈≈#≈.≈#≈≈#.e....... #
#†≈#≈†≈#≈≈#......... #
#.≈#≈.≈#≈≈#......... #
##≈≈#≈.≈#≈≈##........ ##
#≈≈.##...≈≈###....... .#
#≈≈≈###...## ##.....
.###.≈## #####


You could see Dowan (fast).

Vanquished Creatures
  Menkaure (D:4)
  Duvessa (D:4)
  An ogre (D:3)
  A scorpion (D:2)
  A centaur skeleton (D:4)
  Natasha (thrice) (D:2)
  2 adders
  6 ball pythons
  5 bats
  4 endoplasms
  5 giant cockroaches
  2 goblins
  5 hobgoblins
  3 jackals (D:4)
  7 quokkas
  6 kobolds
  4 rats
57 creatures vanquished.

Notes
Turn   | Place    | Note
-------+----------+-------------------------------------------
     0 | D:1      | ILmort the Gnoll Fighter began the quest for the Orb.
     0 | D:1      | Reached XP level 1. HP: 23/23 MP: 1/1
   202 | D:1      | Reached XP level 2. HP: 29/29 MP: 2/2
   593 | D:1      | Found a faded altar of an unknown god.
   801 | D:2      | Noticed Natasha
   809 | D:2      | Noticed a crimson imp
   810 | D:2      | Killed Natasha
   811 | D:2      | Reached skill level 1 in Invocations
   811 | D:2      | Reached XP level 3. HP: 19/35 MP: 2/4
   937 | D:2      | Noticed Natasha
   950 | D:2      | Killed Natasha
   951 | D:2      | Reached skill level 1 in Short Blades
   951 | D:2      | Reached skill level 1 in Long Blades
   951 | D:2      | Reached skill level 1 in Maces & Flails
   951 | D:2      | Reached skill level 1 in Polearms
   951 | D:2      | Reached skill level 1 in Staves
   951 | D:2      | Reached skill level 1 in Slings
   951 | D:2      | Reached skill level 1 in Bows
   951 | D:2      | Reached skill level 1 in Crossbows
   951 | D:2      | Reached skill level 1 in Throwing
   951 | D:2      | Reached skill level 1 in Dodging
   951 | D:2      | Reached skill level 1 in Stealth
   951 | D:2      | Reached skill level 1 in Unarmed Combat
   951 | D:2      | Reached skill level 1 in Spellcasting
   951 | D:2      | Reached skill level 1 in Evocations
   951 | D:2      | Reached XP level 4. HP: 20/41 MP: 5/5
  1248 | D:2      | Noticed Natasha
  1256 | D:2      | Killed Natasha
  1257 | D:2      | Reached skill level 1 in Conjurations
  1257 | D:2      | Reached skill level 1 in Hexes
  1257 | D:2      | Reached skill level 1 in Summonings
  1257 | D:2      | Reached skill level 1 in Necromancy
  1257 | D:2      | Reached skill level 1 in Translocations
  1257 | D:2      | Reached skill level 1 in Transmutations
  1257 | D:2      | Reached skill level 1 in Fire Magic
  1257 | D:2      | Reached skill level 1 in Ice Magic
  1257 | D:2      | Reached skill level 1 in Air Magic
  1257 | D:2      | Reached skill level 1 in Earth Magic
  1257 | D:2      | Reached skill level 1 in Poison Magic
  1938 | D:3      | Reached XP level 5. HP: 47/47 MP: 6/6
  1971 | D:3      | Found a faded altar of an unknown god.
  1982 | D:3      | Found a shimmering altar of Xom.
  2093 | D:4      | Noticed an ogre
  2386 | D:3      | Killed an ogre
  2387 | D:3      | Reached XP level 6. HP: 7/53 MP: 8/8
  2807 | D:4      | Found Emie's Assorted Antiques.
  2822 | D:4      | Noticed Menkaure
  2832 | D:4      | Killed Menkaure
  2833 | D:4      | Reached skill level 5 in Axes
  2833 | D:4      | Found an iron altar of Okawaru.
  2987 | D:4      | Became a worshipper of Warmaster Okawaru
  3084 | D:4      | Noticed Duvessa
  3084 | D:4      | Noticed Dowan
  3088 | D:4      | Reached XP level 7. HP: 57/59 MP: 10/10
  3101 | D:4      | Killed Duvessa
  3101 | D:4      | Killed from afar by Dowan

Illustrated notes

Levels and vault maps discovered:
D:1:      psy_arrival_spokes, layout_rooms,
          hellmonk_ecumenical_altar_pennies_from_heaven, grunt_decor_resistance
D:2:      layout_rooms, uniq_natasha
D:3:      layout_loops_ring, nicolae_overflow_ecumenical_swirl
D:4:      layout_cave_pods, okawaru_ov_weapons_minmay,
          minmay_temple_entry_slanted, serial_shops, nicolae_shop_trees,
          gup_sewer_entry_pipe, uniq_duvessa, uniq_menkaure

Skill      XL: |  1  2  3  4  5  6 |
---------------+-------------------+-----
Invocations    | 1 2 |  2.4
Short Blades   | 1 2 |  2.2
Long Blades    | 1 2 |  2.2
Maces & Flails | 1 2 |  2.2
Polearms       | 1 2 |  2.2
Staves         | 1 2 |  2.2
Slings         | 1 2 |  2.2
Bows           | 1 2 |  2.2
Crossbows      | 1 2 |  2.2
Throwing       | 1 2 |  2.2
Dodging        | 1 2 |  2.2
Stealth        | 1 2 |  2.2
Unarmed Combat | 1 2 |  2.2
Spellcasting   | 1 2 |  2.2
Evocations     | 1 2 |  2.2
Conjurations   | 1 |  1.7
Hexes          | 1 |  1.7
Summonings     | 1 |  1.7
Necromancy     | 1 |  1.7
Translocations | 1 |  1.7
Transmutations | 1 |  1.7
Fire Magic     | 1 |  1.7
Ice Magic      | 1 |  1.7
Air Magic      | 1 |  1.7
Earth Magic    | 1 |  1.7
Poison Magic   | 1 |  1.7
Axes           | 5 |  5.1
Fighting       | |  6.9
Armour         | |  6.9
Shields        | |  6.9

Action                   |  1- 3 |  4- 6 |  7- 9 || total
-------------------------+-------+-------+-------++-------
Melee: War axe           |    52 |   114 |    11 ||   177
       Bite              |     6 |     7 |       ||    13
  Use: Scroll            |       |     7 |       ||     7
       Potion            |       |       |     1 ||     1
Armor: Scale mail        |    16 |    55 |     6 ||    77
Dodge: Dodged            |    24 |    75 |     6 ||   105
Block: Buckler           |     9 |    39 |     4 ||    52
